AoeStats
← pinKKKKKKKK

Arabia

503177763Analyzed
1v1 RM · 1mo ago on Aug 30, 2026· 23m 42s· 2 players
Game mode
Random Map
Map size
Tiny (2 player)
Population
200
Speed
Normal
Resources
Standard
Victory
Conquest
Starting age
Dark Age
Ending age
Imperial Age
RankedLock teamsTeams togetherTeam positionsShared explorationLock speedFull tech treeHidden civsTurbo modeCheats
Victory
Defeat
🇨🇳 Magyars · China
1091
+14
🇦🇷 Magyars · Argentina
1050
-14
Chive’Pang
5:05 Loom
10:04 Feudal Age
16:07 Double-Bit Axe
20:07 Castle Age
18:46 Gold Mining
18:41 Horse Collar
19:26 Bloodlines
20:50 Scale Barding Armor
pinKKKKKKKK
7:58 Loom
9:53 Feudal Age
13:45 Horse Collar
18:45 Castle Age
17:08 Double-Bit Axe
18:37 Scale Mail Armor
19:22 Wheelbarrow
22:25 Fletching
23:55 Bow Saw
Connection lost

Rejoining the realm…

Still unreachable

The connection could not be restored.

Session expired

The server has moved on; the page needs a fresh start.